Map: [ESL] Data-C

Players

PtitDrogo

  • Race: Protoss Protoss
  • Spawn Location: 9:00

Spirit (souL) - Winner!

  • Race: Terran Terran
  • League: Master
  • Spawn Location: 3:00

Event: HomeStory Cup XXII

VOD

Have the link to the VOD?

Description

Time

  • Played on: Dec. 15, 2022, 9:32 a.m.
  • Length: 17:14

All games in this series

Show
View Real Time Build Order
Export as new Build Order

PtitDrogo Protoss 

Build Orders: 1 Gate Expand, Oracle Opening, Phoenix Opening 

Get SALT Encoding   

  12  0:00  Probe  
  13  0:12  Probe  
  14  0:17  Pylon  
  14  0:24  Probe (Chrono Boost)  
  15  0:36  Gateway, Probe (Chrono Boost)  
  16  0:43  Probe (Chrono Boost)  
  16  0:45  Assimilator  
  17  0:51  Probe  
  18  1:03  Probe  
  19  1:15  Probe  
  20  1:23  Cybernetics Core  
  20  1:33  Nexus  
  20  1:40  Pylon  
  20  1:44  Probe  
  21  1:51  Assimilator  
  20  1:56  Probe (Chrono Boost)  
  20  2:00  Adept  
  23  2:07  Probe (Chrono Boost)  
  24  2:12  Probe (Chrono Boost)  
  25  2:18  Stargate  
  25  2:22  Probe (Chrono Boost)  
  26  2:26  Warp Gate  
  26  2:30  Adept  
  26  2:33  Probe (Chrono Boost)  
  29  2:38  Probe (Chrono Boost)  
  30  2:45  Probe  
  30  2:49  Probe  
  32  2:58  Probe  
  33  2:59  Oracle (Chrono Boost)  
  33  3:01  Probe  
  33  3:03  Adept  
  39  3:09  Pylon  
  39  3:10  Probe  
  40  3:13  Probe  
  40  3:17  Gateway  
  41  3:22  Probe  
  42  3:27  Oracle (Chrono Boost)  
  45  3:36  Probe x2  
  47  3:46  Pylon  
  47  3:57  Phoenix (Chrono Boost), Probe x2  
  47  4:02  Nexus  
  51  4:09  Probe x2  
  53  4:14  Stalker x2  
  57  4:23  Probe  
  52  4:26  Probe  
  48  4:34  Oracle (Chrono Boost)  
  48  4:35  Probe  
  52  4:38  Probe  
  53  4:50  Probe x2 (Chrono Boost)  
  53  4:51  Forge  
  55  4:54  Twilight Council  
  55  4:57  Assimilator  
  55  4:58  Assimilator  
  55  5:03  Probe (Chrono Boost)  
  55  5:04  Probe (Chrono Boost)  
  57  5:08  Probe (Chrono Boost)  
  57  5:12  Probe (Chrono Boost)  
  59  5:21  Charge  
  62  5:23  Protoss Ground Weapons Level 1 (Chrono Boost), Probe (Chrono Boost)  
  62  5:24  Probe x2 (Chrono Boost)  
  62  5:29  Probe (Chrono Boost)  
  62  5:30  Probe (Chrono Boost)  
  65  5:35  Probe (Chrono Boost)  
  65  5:37  Gateway x2  
  65  5:40  Probe (Chrono Boost)  
  65  5:42  Probe (Chrono Boost)  
  68  5:44  Probe (Chrono Boost)  
  68  5:45  Gateway, Probe (Chrono Boost)  
  68  5:47  Gateway  
  68  5:49  Gateway  
  69  5:51  Probe  
  69  5:56  Probe  
  69  5:57  Probe  
  72  6:01  Templar Archives  
  72  6:03  Probe, Pylon  
  73  6:07  Gateway  
  73  6:09  Probe  
  73  6:11  Probe  
  75  6:16  Probe  
  76  6:21  Probe  
  76  6:22  Photon Cannon  
  76  6:23  Probe  
  76  6:24  Shield Battery  
  78  6:26  Pylon  
  78  6:28  Probe  
  78  6:30  Gateway  
  78  6:31  Pylon  
  79  6:33  Probe  
  79  6:35  Psionic Storm  
  79  6:36  Zealot  
  79  6:37  Sentry  
  84  6:49  High Templar  
  84  6:50  High Templar  
  88  6:57  Zealot x2  
  88  6:58  Zealot x2  
  88  7:00  Pylon  
  96  7:02  Shield Battery, Assimilator  
  96  7:04  Photon Cannon  
  96  7:05  Assimilator  
  96  7:07  Pylon  
  96  7:12  High Templar  
  98  7:18  Probe x3  
  98  7:21  High Templar  
  103  7:28  Protoss Ground Weapons Level 2 (Chrono Boost)  
  103  7:31  Zealot x5  
  103  7:33  Pylon  
  103  7:34  Probe  
  103  7:35  Probe  
  115  7:38  Probe  
  115  7:41  Pylon  
  116  7:44  Pylon  
  116  7:53  High Templar  
  116  7:54  Zealot x2  
  116  7:58  High Templar  
  124  8:00  High Templar  
  124  8:01  Zealot x3  
  124  8:05  Archon  
  132  8:10  Stalker  
  132  8:14  Zealot x2  
  132  8:16  Probe x2  
  124  8:21  Probe  
  124  8:24  Zealot x3  
  114  8:27  Zealot  
  114  8:28  Probe (Chrono Boost)  
  114  8:29  Probe (Chrono Boost)  
  111  8:34  Probe (Chrono Boost)  
  111  8:40  Probe x2 (Chrono Boost)  
  111  8:41  Zealot x4, Stalker  
  113  8:43  Probe (Chrono Boost)  
  113  8:45  Probe (Chrono Boost)  
  113  8:46  Probe (Chrono Boost)  
  116  8:48  Probe (Chrono Boost)  
  116  8:49  Blink (Chrono Boost)  
  116  8:55  Probe  
  89  9:14  Archon  
  89  9:16  Zealot x8  
  89  9:17  Zealot  
  77  9:37  High Templar x6  
  77  9:38  Zealot x3, Probe  
  83  9:41  Archon  
  83  9:42  Archon  
  84  9:46  Robotics Facility  
  82  10:04  Stalker x3  
  84  10:07  Protoss Ground Weapons Level 3 (Chrono Boost)  
  84  10:11  Zealot x6  
  96  10:27  Stalker x3  
  98  10:40  High Templar x3  
  98  10:41  Zealot x3  
  110  10:46  Probe x3  
  110  10:47  Robotics Bay  
  113  10:52  Archon  
  113  10:54  Zealot x3  
  119  10:57  Nexus  
  119  10:58  Probe  
  110  11:07  Archon  
  98  11:11  Zealot x3  
  98  11:20  Pylon  
  94  11:27  Zealot x3, High Templar x3  
  94  11:29  Observer (Chrono Boost)  
  107  11:41  Robotics Facility  
  107  11:42  Observer (Chrono Boost)  
  107  11:43  Probe  
  107  11:45  Shield Battery  
  109  11:51  Extended Thermal Lance  
  109  11:58  Zealot x4, Colossus (Chrono Boost), High Templar  
  109  11:59  Zealot, High Templar  
  109  12:00  Zealot  
  129  12:11  Stalker  
  126  12:25  Photon Cannon  
  113  12:32  Archon, Colossus (Chrono Boost)  
  115  12:42  Colossus (Chrono Boost)  
  119  12:49  Stalker x6  
  125  12:57  Probe  
  126  13:01  Protoss Ground Armor Level 1 (Chrono Boost)  
  126  13:02  Probe  
  125  13:15  Disruptor (Chrono Boost)  
  128  13:23  Sentry  
  130  13:27  High Templar  
  130  13:43  Nexus  
  130  13:44  Zealot x5  
  136  14:01  Disruptor (Chrono Boost)  
  133  14:03  Observer (Chrono Boost)  
  133  14:07  Zealot x2  
  141  14:15  Probe, Pylon  
  134  14:26  Zealot x3  
  134  14:31  Probe x2  
  137  14:39  Zealot  
  137  14:41  Photon Cannon  
  137  14:42  Shield Battery  
  137  14:44  Probe x2  
  119  15:04  Stalker x3  
  119  15:05  Stalker x6  
  106  15:35  Disruptor x2 (Chrono Boost)  
  106  15:37  Nexus  
  112  15:44  High Templar x2  
  112  15:45  High Templar x2  
  120  15:56  Probe x2  
  111  15:58  Pylon  
  111  16:00  Disruptor (Chrono Boost)  
  111  16:01  Photon Cannon  
  111  16:03  Shield Battery  
  114  16:05  Observer (Chrono Boost)  
  110  16:30  Nexus  
  86  16:42  Zealot x7  
  100  16:49  Archon  
  80  17:13  Stalker  
  80  17:14  Stalker  
Show
View Real Time Build Order
Export as new Build Order

Spirit Terran - Winner!

Build Orders: Hellion Opening 

Get SALT Encoding   

  12  0:00  SCV  
  13  0:12  SCV  
  14  0:17  Supply Depot  
  14  0:24  SCV  
  15  0:38  SCV  
  15  0:40  Barracks  
  16  0:44  Refinery  
  16  0:50  SCV  
  17  1:03  SCV  
  18  1:15  SCV  
  19  1:27  Marine  
  19  1:28  Orbital Command  
  20  1:42  Command Center  
  20  1:54  Factory  
  20  1:58  SCV  
  21  2:04  Supply Depot  
  21  2:06  Barracks Reactor  
  21  2:11  SCV  
  22  2:23  SCV  
  23  2:30  Bunker  
  23  2:35  SCV  
  24  2:41  Starport  
  24  2:46  Hellion x2  
  24  2:48  Marine  
  24  2:50  SCV  
  30  2:54  Orbital Command  
  30  3:07  Marine  
  30  3:08  Hellion x2  
  35  3:13  SCV  
  35  3:18  Medivac  
  38  3:22  Supply Depot  
  38  3:23  SCV  
  39  3:29  Hellion x2  
  39  3:31  Marine  
  39  3:33  SCV  
  45  3:35  SCV  
  45  3:40  Refinery  
  46  3:46  SCV  
  46  3:47  Supply Depot, SCV  
  46  3:58  SCV  
  46  3:59  SCV  
  46  4:01  Factory Tech Lab  
  48  4:02  Viking  
  48  4:03  Supply Depot, Marine  
  48  4:07  Marine  
  52  4:10  SCV  
  52  4:11  SCV  
  54  4:21  Marine  
  54  4:22  SCV  
  52  4:24  Cyclone, Marine  
  52  4:26  SCV  
  47  4:33  Viking  
  47  4:34  SCV  
  50  4:38  SCV  
  50  4:39  Barracks, Marine  
  50  4:42  Marine  
  50  4:44  Barracks  
  53  4:48  SCV  
  53  4:51  Refinery  
  53  4:52  Engineering Bay  
  52  4:54  SCV  
  52  4:57  Marine  
  54  5:00  SCV, Marine  
  54  5:06  SCV  
  60  5:10  Starport Tech Lab  
  60  5:11  Barracks  
  60  5:12  Barracks, SCV  
  58  5:18  Supply Depot, SCV  
  58  5:19  Terran Infantry Weapons Level 1, Factory Reactor  
  59  5:24  SCV  
  60  5:30  SCV  
  60  5:33  Refinery  
  60  5:35  Stimpack, Marine, Starport Reactor  
  61  5:36  Marine x2  
  61  5:40  Supply Depot  
  61  5:41  SCV  
  65  5:44  Missile Turret  
  65  5:45  Missile Turret  
  65  5:47  Combat Shield  
  65  5:52  Marauder  
  65  5:53  Marine x2  
  65  5:54  Marauder  
  71  5:59  Barracks Tech Lab  
  71  6:00  Barracks Reactor  
  71  6:02  Supply Depot  
  71  6:07  Supply Depot  
  73  6:11  Widow Mine, Marine x2  
  73  6:12  Widow Mine  
  73  6:13  Marauder  
  73  6:15  Medivac  
  73  6:18  Marauder  
  83  6:20  Marauder  
  83  6:25  Supply Depot  
  85  6:26  Medivac  
  85  6:29  Marine x2  
  89  6:36  Command Center  
  89  6:39  Marauder  
  91  6:41  Widow Mine  
  91  6:43  Concussive Shells, Widow Mine  
  91  6:46  Marine  
  96  6:47  Marine x2  
  96  6:49  Marine  
  96  6:51  Marine  
  96  6:52  Marauder  
  102  6:58  Medivac  
  102  7:00  Marine  
  105  7:02  Medivac  
  105  7:04  Marine  
  105  7:05  Supply Depot  
  105  7:08  Supply Depot  
  108  7:10  Marauder  
  110  7:26  Marine x4  
  110  7:27  Marauder x2  
  122  7:30  Widow Mine x2  
  122  7:31  Supply Depot, Marine  
  122  7:33  Supply Depot  
  123  7:44  Terran Infantry Armor Level 1, Marine x2  
  123  7:47  Medivac x2  
  123  7:48  Marauder x2  
  123  7:49  Marine  
  134  7:52  Marine  
  134  7:53  Marauder  
  137  8:02  Marine x2  
  137  8:04  Widow Mine  
  141  8:06  Marine  
  141  8:09  Marauder x2  
  141  8:11  Marine  
  146  8:14  Marauder  
  146  8:17  Medivac  
  146  8:19  Marine x2  
  149  8:24  Marine, Orbital Command  
  146  8:29  Marine  
  146  8:32  Marine  
  146  8:33  Marauder  
  144  8:36  Widow Mine  
  146  8:42  Marine  
  146  8:43  Reaper x3  
  146  8:47  Marine  
  146  8:51  Marauder  
  146  8:54  Widow Mine, Marine  
  147  8:58  Widow Mine  
  147  9:00  Marine  
  141  9:05  Marine  
  118  9:11  Marine x2  
  118  9:15  Marine x3  
  106  9:18  Marine  
  106  9:23  Marine  
  103  9:30  Marauder x2  
  99  9:32  Marine x2  
  99  9:33  Marauder  
  99  9:34  Medivac  
  99  9:36  Marine  
  101  9:40  Marine  
  101  9:44  Medivac  
  104  9:47  Widow Mine  
  104  9:50  Marine x2  
  104  9:51  Marauder x2  
  112  9:53  Marine  
  112  9:54  Marine  
  112  9:58  Marine  
  106  10:08  Marine x2  
  106  10:11  Marine  
  106  10:12  Medivac  
  108  10:14  Medivac  
  108  10:16  Ghost Academy, Marauder x2  
  108  10:18  Marine  
  108  10:21  Widow Mine  
  117  10:23  Widow Mine  
  117  10:26  Marauder, Marine  
  120  10:28  Marine  
  120  10:42  Medivac  
  127  10:44  Medivac  
  128  10:53  Ghost x3  
  128  10:54  Marine  
  128  10:55  SCV  
  128  10:56  SCV, Enhanced Shockwaves  
  128  10:58  Armory  
  128  10:59  Refinery, SCV  
  128  11:00  Refinery  
  128  11:02  Widow Mine  
  125  11:04  Marine  
  125  11:08  SCV x2  
  113  11:12  SCV, Medivac  
  113  11:14  Medivac  
  113  11:16  Widow Mine  
  118  11:20  SCV x2  
  118  11:23  Widow Mine  
  118  11:24  SCV  
  120  11:32  SCV x2  
  122  11:35  Command Center  
  122  11:36  SCV  
  122  11:37  Ghost x2  
  127  11:43  Widow Mine  
  127  11:44  SCV, Widow Mine  
  132  11:49  SCV, Marine x3, Ghost  
  132  11:51  Marine  
  132  11:53  SCV  
  139  11:56  SCV  
  139  12:01  SCV  
  141  12:03  Terran Infantry Weapons Level 2  
  141  12:05  SCV  
  142  12:11  Marauder, Marine  
  142  12:12  Marauder, Marine  
  142  12:13  Marine  
  142  12:15  Marine  
  150  12:18  Marauder  
  150  12:29  Marine  
  150  12:30  Marine  
  150  12:32  Ghost  
  150  12:33  Ghost  
  150  12:35  Marine  
  156  12:39  Ghost  
  156  12:43  Marine  
  155  12:44  Widow Mine x2  
  155  12:47  Marine  
  155  12:48  Marine  
  156  12:52  Marine  
  156  12:54  Medivac x2  
  157  12:58  Refinery  
  157  13:00  Marine, Planetary Fortress  
  157  13:04  SCV, Marine  
  162  13:10  SCV x2  
  162  13:11  Starport  
  166  13:17  Missile Turret  
  166  13:20  Terran Ship Weapons Level 1  
  166  13:23  Marauder, Marine x2  
  166  13:24  Refinery, Marauder x2, Marine x2  
  166  13:26  Viking  
  172  13:30  Viking  
  172  13:33  SCV  
  175  13:34  SCV  
  175  13:36  SCV  
  171  13:56  Viking  
  171  13:57  Viking x2  
  171  14:00  Viking  
  179  14:02  Fusion Core  
  179  14:06  Engineering Bay  
  177  14:10  Command Center  
  177  14:11  Marauder  
  177  14:16  Marine  
  179  14:28  Viking  
  180  14:31  Marauder  
  180  14:36  Factory Tech Lab  
  179  14:40  Supply Depot, Barracks x3  
  179  14:55  Marauder  
  179  14:56  Marauder  
  180  15:03  Advanced Ballistics  
  180  15:04  Liberator x4  
  186  15:08  Ghost  
  186  15:10  Marine  
  186  15:11  Marine  
  186  15:13  Marine  
  173  15:14  Marine  
  173  15:16  Marauder  
  173  15:17  Marine  
  162  15:25  Planetary Fortress  
  162  15:26  SCV x3  
  160  15:32  SCV  
  160  15:33  Marine  
  154  15:35  Marauder  
  154  15:36  Barracks Tech Lab x2  
  154  15:37  Marauder  
  154  15:38  SCV  
  157  15:43  SCV  
  157  15:45  SCV, Sensor Tower, Marine  
  157  15:46  Barracks Tech Lab  
  157  15:47  Liberator x2  
  166  15:51  Liberator, SCV  
  164  16:04  Missile Turret  
  164  16:05  Marauder, Marine  
  164  16:07  Sensor Tower  
  166  16:22  Marauder x2, Marine  
  166  16:23  Marauder  
  166  16:24  Marauder  
  159  16:33  Marauder, Marine  
  168  16:49  Command Center, Marauder x2  
  168  16:50  Marine x2  
  168  16:52  Marine  
Tags
 
Add a new tag
Caveats
  • Supply blocks, unpowered buildings, or Contaminate may cause inaccurate times.
  • Supply counts are checked every 10 seconds.